 Dungeon Crawl Stone Soup version 0.29-a0-1006-g0dd7720b37 (webtiles) character file.

Game seed: 56510409331141560

229 vurker the Insei (level 6, 0/32 HPs)
             Began as a Vine Stalker Enchanter on Aug 6, 2022.
             Succumbed to a scorpion's poison
             ... on level 4 of the Dungeon.
             The game lasted 00:04:53 (4485 turns).

vurker the Insei (Vine Stalker Enchanter)           Turns: 4485, Time: 00:04:54

Health: 0/32       AC:  9    Str: 12    XL:     6   Next: 3%
Magic:  2/10       EV:  5    Int: 15    God:
Gold:   223        SH:  0    Dex: 15    Spells: 9/9 levels left

rFire   . . .      SeeInvis .   a - +2 dagger
rCold   . . .      Faith    .   (no shield)
rNeg    . . .      Spirit   +   i - +0 chain mail
rPois   .          Reflect  .   (no helmet)
rElec   .          Harm     .   n - +0 cloak
rCorr   .          Rampage  .   (no gloves)
Will    .....                   (no boots)
Stlth   ..........              (no amulet)
HPRegen 0.90/turn               (no ring)
MPRegen 0.12/turn               (no ring)

@: lethally poisoned (0 -> -6), about to teleport
A: fangs 2, regeneration 1, magic shield, antimagic bite, no potion heal 2
a: no special abilities


You were on level 4 of the Dungeon.
You visited 1 branch of the dungeon, and saw 4 of its levels.

You collected 223 gold pieces.

Inventory:

Hand Weapons
 a - a +2 dagger (weapon)
Armour
 i - a +0 chain mail (worn)
   (You found it on level 1 of the Dungeon)
 n - a +0 cloak (worn)
   (You took it off Crazy Yiuf on level 3 of the Dungeon)
Scrolls
 e - 4 scrolls of identify
 f - a scroll of immolation
 h - a scroll of teleportation
Potions
 b - a potion of magic
 c - 3 potions of invisibility
 d - 2 potions of mutation
 g - a potion of cancellation
 j - 4 potions of curing
 l - a potion of haste
 o - a potion of ambrosia


   Skills:
 + Level 2.7 Fighting
 - Level 0.8 Short Blades
 - Level 1.5 Dodging
 - Level 3.6 Stealth
 * Level 4.5 Unarmed Combat
 - Level 2.1 Spellcasting
 - Level 3.0 Hexes


You had 9 spell levels left.
You didn't know any spells.
Your spell library contained the following spells:

 Spells                   Type           Power      Damage    Failure   Level
 Ensorcelled Hibernation  Hex/Ice        12%        N/A       100%        2
 Confusing Touch          Hex            10%        N/A       100%        3
 Dazzling Flash           Conj/Hex       12%        N/A       100%        3
 Ignite Poison            Fire/Tmut/Pois 1%         N/A       100%        3
 Mephitic Cloud           Conj/Pois/Air  1%         N/A       100%        3
 Tukima's Dance           Hex            10%        N/A       100%        3
 Freezing Cloud           Conj/Ice/Air   0%         6-21      100%        5


Dungeon Overview and Level Annotations

Branches:
Dungeon (4/15)
 Temple: D:4-7

Altars:

Shops:
D:1 *   D:2 !


Innate Abilities, Weirdness & Mutations

You have extremely sharp teeth.
Your natural rate of healing is unusually fast.
When hurt, damage is shared between your health and your magic reserves.
Your bite disrupts and absorbs the magic of your enemies.
Potions cannot restore your health.


Message History

There is an open door here.
You hit the worm. You hit the worm. You bite the worm. You drain its power.
The worm completely misses you.
You hit the worm. You punch the worm. You barely miss the worm.
You bite the worm, but do no damage. The worm bites you.
You hit the worm. You bite the worm. You drain its power.
You feel invigorated. The worm bites you but does no damage.
You hit the worm but do no damage. You hit the worm.
You kill the worm!
No target in view!
No target in view!
No target in view!
No target in view!
No target in view!
No target in view!
Found a sling.
You see here a +0 sling.
A kobold and an iguana come into view.
The kobold shouts!
There are monsters nearby!
There are monsters nearby!
A scorpion comes into view.
Found a black potion.
The kobold hits you but does no damage. The iguana bites you!
You hit the iguana but do no damage. Your bite misses the iguana.
The kobold hits you but does no damage. The iguana bites you!
You hit the iguana. You bite the iguana. You drain its power.
You feel invigorated. The iguana bites you!
* * * LOW HITPOINT WARNING * * *
The kobold hits you but does no damage.
You hit the iguana but do no damage. You bite the iguana, but do no damage.
The iguana bites you but does no damage.
The kobold hits you but does no damage.
You barely miss the iguana. You bite the iguana. You drain its power.
You feel invigorated. The iguana bites you.
* * * LOW HITPOINT WARNING * * *
The kobold hits you but does no damage.
As you read the scroll of teleportation, it crumbles to dust.
You feel strangely unstable. The iguana bites you!
* * * LOW HITPOINT WARNING * * *
The kobold hits you but does no damage. The scorpion stings you.
* * * LOW HITPOINT WARNING * * *
You are lethally poisoned!
The scorpion poisons you! The iguana attacks as you move away!
The iguana bites you.
* * * LOW HITPOINT WARNING * * *
You die...

.........................
.........................
.........................
..............>..........
.................?.......
........................!
..................s......
..................K......
................@.l....##
.......................#
..............[........#
....)..................#
.......................#
.......................#
.......................#
.......................#
....................


You could see a scorpion, an iguana and a kobold.

Vanquished Creatures
  Crazy Yiuf (D:3)
  Natasha (thrice) (D:3)
  An orc wizard (D:3)
  3 adders
  A gnoll (D:1)
  2 worms
  2 dart slugs
  3 orcs (D:3)
  3 ball pythons
  4 endoplasms
  5 giant cockroaches
  4 goblins
  4 hobgoblins
  3 quokkas
  6 bats
  A frilled lizard (D:2)
  2 kobolds
  4 rats
52 creatures vanquished.

Notes
Turn   | Place    | Note
-------+----------+-------------------------------------------
     0 | D:1      | vurker the Vine Stalker Enchanter began the quest for the
                  | Orb.
     0 | D:1      | Reached XP level 1. HP: 9/9 MP: 4/4
   219 | D:1      | Reached skill level 1 in Unarmed Combat
   260 | D:1      | Reached XP level 2. HP: 14/14 MP: 6/6
   263 | D:1      | Found Pimil's General Store.
   274 | D:1      | Found a faded altar of an unknown god.
   413 | D:1      | Reached skill level 1 in Fighting
   987 | D:2      | Reached skill level 2 in Unarmed Combat
   987 | D:2      | Reached XP level 3. HP: 18/18 MP: 5/7
  1095 | D:2      | Found Fiaczono's Distillery.
  2355 | D:3      | Reached skill level 3 in Unarmed Combat
  2355 | D:3      | Gained mutation: Your natural rate of healing is unusually
                  | fast. [Vine Stalker growth]
  2355 | D:3      | Reached XP level 4. HP: 18/23 MP: 8/8
  2828 | D:3      | Noticed Natasha
  2832 | D:3      | Killed Natasha
  2833 | D:3      | Reached XP level 5. HP: 26/26 MP: 9/9
  2867 | D:3      | Found a runed translucent door.
  2868 | D:3      | Noticed Crazy Yiuf
  2941 | D:3      | Killed Crazy Yiuf
  2942 | D:3      | Reached skill level 4 in Unarmed Combat
  3245 | D:3      | Noticed Natasha
  3257 | D:3      | Killed Natasha
  3570 | D:3      | Noticed Natasha
  3854 | D:3      | Killed Natasha
  4306 | D:4      | Reached XP level 6. HP: 29/32 MP: 10/10
  4485 | D:4      | Succumbed to a scorpion's poison

Illustrated notes

Levels and vault maps discovered:
D:1:      elethiomel_arrival_maze, layout_basic,
          shapermc_ecumenical_altar_ellora, serial_shops,
          nicolae_shop_behind_doors
D:2:      layout_basic, serial_shops, shop
D:3:      layout_basic, uniq_natasha, uniq_crazy_yiuf_cottage
D:4:      layout_basic, temple_doors_ab

Skill      XL: |  1  2  3  4  5 |
---------------+----------------+-----
Unarmed Combat | 1 2 3 4 |  4.5
Fighting       | 1 2 |  2.7
Short Blades   | |  0.8
Dodging        | |  1.5
Stealth        | |  3.6
Spellcasting   | |  2.1
Hexes          | |  3.0

Action                   |  1- 3 |  4- 6 || total
-------------------------+-------+-------++-------
Melee: Dagger            |    92 |   103 ||   195
       Bite              |    21 |    36 ||    57
       Punch             |     1 |     4 ||     5
  Use: Scroll            |     6 |     9 ||    15
 Stab: Sleeping          |     5 |       ||     5
Armor: Robe              |     2 |       ||     2
       Chain mail        |    31 |    60 ||    91
Dodge: Dodged            |    26 |    35 ||    61

Table legend: (Time is in decaauts)
 A = Elapsed time spent in this place.
 B = Non-inter-level travel time spent in this place.
 C = Inter-level travel time spent in this place.
 D = Time resting spent in this place.
 E = Time spent auto-exploring this place.
 F = Levels seen in this place.
 G = Mean time per level.
                   A        B        C        D        E       F      G
               +--------+--------+--------+--------+--------+-----+--------+
         Total |   4497 |   4414 |     83 |     23 |   3834 |   4 | 1124.2 |
       Dungeon |   4497 |   4414 |     83 |     23 |   3834 |   4 | 1124.2 |
               +--------+--------+--------+--------+--------+-----+--------+

Top non-repeatable levels by time:
     D:3: 2170 daAuts
     D:2: 1114 daAuts
     D:1: 979 daAuts
     D:4: 233 daAuts
